 Dungeon Crawl Stone Soup version 0.28.0-43-g3370ac3207 (webtiles) character file.

Game seed: 14697803158734918565

111 GreyFruit the Conjurer (level 4, -5/34 HPs)
             Began as a Draconian Conjurer on Mar 6, 2022.
             Was a Believer of Nemelex Xobeh.
             Slain by a gnoll sergeant
             ... wielding a +0 spear
              (9 damage)
             ... on level 3 of the Dungeon.
             The game lasted 00:06:40 (2704 turns).

GreyFruit the Conjurer (Draconian Conjurer)         Turns: 2704, Time: 00:06:42

Health: -5/34      AC:  5    Str: 10    XL:     4   Next: 62%
Magic:  2/8        EV: 12    Int: 20    God:    Nemelex Xobeh [**....]
Gold:   96         SH:  0    Dex:  9    Spells: 5/8 levels left

rFire   . . .      SeeInvis .   c - +1 mace (protect)
rCold   . . .      Faith    .   (no shield)
rNeg    . . .      Spirit   .   (armour unavailable)
rPois   .          Reflect  .   (helmet restricted)
rElec   .          Harm     .   (no cloak)
rCorr   .          Rampage  .   (no gloves)
Will    .....                   (no boots)
Stlth   ++........              (no amulet)
HPRegen 0.11/turn               (no ring)
MPRegen 0.11/turn               (no ring)

@: unable to read
A: AC +5, unfitting armour, cold-blooded, sense surroundings 1, inability to
read while threatened
a: Renounce Religion, Draw Escape, Draw Destruction, Draw Summoning


You were on level 3 of the Dungeon.
You worshipped Nemelex Xobeh.
Nemelex Xobeh was pleased with you.
You visited 1 branch of the dungeon, and saw 3 of its levels.

You collected 96 gold pieces.

Inventory:

Hand Weapons
 c - a +1 mace of protection (weapon)
Jewellery
 f - a ring of flight
Scrolls
 a - a scroll of enchant weapon {unknown}
 b - 3 scrolls of identify {unknown}
 j - a scroll of fear {unknown}
 k - a scroll of fog {unknown}
 l - a scroll of teleportation {unknown}
 n - a scroll of noise {unknown}
Potions
 e - a potion of magic {unknown}
 g - a potion of curing {unknown}
 h - 2 potions of resistance {unknown}
 i - a potion of berserk rage {unknown}
 m - 2 potions of brilliance {unknown}


   Skills:
 + Level 0.5 Fighting
 + Level 1.3 Maces & Flails
 + Level 1.8 Dodging
 - Level 2.0 Stealth
 + Level 2.9 Spellcasting
 + Level 5.1 Conjurations


You had 5 spell levels left.
You knew the following spells:

 Your Spells              Type           Power      Damage    Failure   Level
a - Magic Dart            Conj           92%        1d7       1%          1
b - Searing Ray           Conj           46%        2d6       2%          2

Your spell library contained the following spells:

 Spells                   Type           Power      Damage    Failure   Level
 Shock                    Conj/Air       52%        1d6       4%          1
 Dazzling Flash           Conj/Hex       26%        N/A       16%         3
 Portal Projectile        Hex/Tloc       4%         N/A       41%         3
 Swiftness                Air            2%         N/A       41%         3
 Fulminant Prism          Conj/Hex       6%         3d7       45%         4
 Iskenderun's Mystic Bla  Conj/Tloc      13%        2d5       45%         4
 Airstrike                Air            1%         N/A       82%         4
 Blade Hands              Tmut           1%         N/A       99%         5
 Excruciating Wounds      Necr           1%         N/A       99%         5


Dungeon Overview and Level Annotations

Branches:
Dungeon (3/15)

Altars:
Nemelex Xobeh

Annotations:
D:3 Pargi


Innate Abilities, Weirdness & Mutations

Your plain brown scales are hard. (AC +5)
You cannot fit into any form of body armour.
You are cold-blooded and may be slowed by cold attacks.
You passively map a small area around you.
You sometimes lose the ability to read scrolls when taking damage.


Message History

Aiming: Searing Ray (safe; 2% risk of failure)
Press: ? - help, Shift-Dir - straight line, f - gnoll sergeant
Aim: a gnoll sergeant, wielding a +0 spear and wearing a +0 scale mail (lightly wounded, 84% to hit)
The searing ray hits the gnoll sergeant.
The gnoll sergeant is moderately wounded.
The searing ray hits the gnoll.
The gnoll is heavily wounded. (Press . to maintain the ray.)
The gnoll sergeant hits you from afar with a +0 spear.
The searing ray hits the gnoll sergeant.
The gnoll sergeant is heavily wounded.
The searing ray hits the gnoll.
The gnoll is almost dead.
The gnoll sergeant hits you from afar with a +0 spear.
The gnoll sergeant hits you from afar with a +0 spear!
Casting: Searing Ray (safe; 2% risk of failure)
Confirm with . or Enter, or press ? or * to list all spells.
Aiming: Searing Ray (safe; 2% risk of failure)
Press: ? - help, Shift-Dir - straight line, f/p - gnoll sergeant
Aim: a gnoll sergeant, wielding a +0 spear and wearing a +0 scale mail (moderately wounded, 84% to hit)
The searing ray hits the gnoll sergeant but does no damage.
The gnoll sergeant is moderately wounded.
The searing ray hits the gnoll.
You kill the gnoll! (Press . to maintain the ray.) Unknown command.
The searing ray hits the gnoll sergeant.
The gnoll sergeant is moderately wounded.
The gnoll sergeant hits you from afar with a +0 spear.
The searing ray hits the gnoll sergeant!
The gnoll sergeant is severely wounded.
The gnoll sergeant hits you from afar with a +0 spear!
* * * LOW HITPOINT WARNING * * *
It was a potion of mutation.
You feel extremely strange.
You lose the ability to read scrolls when threatened.
You feel a strange attunement to the structure of the dungeons.
The gnoll sergeant hits you from afar with a +0 spear!
You feel threatened and lose the ability to read scrolls!
You die...
Your body disappears without a glow.

#################
#<.T............#
##################.#
#.############ #.#
#....@.g...).# #.#
#.##########.#####.###
#.# #.........g.g.....
#.# #.######.>........
#.# #.# #..#.##.#..
#.# #.# #..#.##.#.#
#.# #.# #..#.##.#g#
#.# #.######..#.##.#..
#.# #.................


You could see a gnoll sergeant.

Vanquished Creatures
  4 gnolls (D:3)
  2 adders (D:2)
  2 worms
  An orc (D:3)
  4 ball pythons
  5 bats
  4 endoplasms
  2 giant cockroaches
  5 hobgoblins
  2 jackals (D:3)
  3 quokkas
  3 frilled lizards
  4 goblins
  4 kobolds (D:1)
  3 rats
48 creatures vanquished.

Notes
Turn   | Place    | Note
-------+----------+-------------------------------------------
     0 | D:1      | GreyFruit the Draconian Conjurer began the quest for the
                  | Orb.
     0 | D:1      | Reached XP level 1. HP: 14/14 MP: 3/3
    22 | D:1      | Found a faded altar of an unknown god.
   101 | D:1      | Prayed at the altar of an unknown god.
   101 | D:1      | Became a worshipper of Nemelex Xobeh the Trickster
   101 | D:1      | Reached * piety under Nemelex Xobeh
   162 | D:1      | Received a gift from Nemelex Xobeh
   401 | D:1      | Reached XP level 2. HP: 20/20 MP: 1/5
  1058 | D:2      | Reached ** piety under Nemelex Xobeh
  1120 | D:2      | Reached XP level 3. HP: 26/26 MP: 0/6
  1228 | D:2      | Reached skill level 1 in Maces & Flails
  1995 | D:3      | Noticed Pargi
  2040 | D:2      | Learned a level 2 spell: Searing Ray
  2249 | D:3      | Reached XP level 4. HP: 33/34 MP: 3/7
  2296 | D:3      | Noticed an ogre
  2302 | D:3      | Reached skill level 5 in Conjurations
  2643 | D:3      | Noticed a gnoll sergeant
  2704 | D:3      | Gained mutation: You sometimes lose the ability to read
                  | scrolls when taking damage. [potion of mutation]
  2704 | D:3      | Gained mutation: You passively map a small area around you.
                  | [potion of mutation]
  2704 | D:3      | Slain by a gnoll sergeant

Illustrated notes

Levels and vault maps discovered:
D:1:      dpeg_arrival_tiny_j, layout_basic,
          hellmonk_ecumenical_altar_crossroads
D:2:      layout_rooms, serial_bayou_pond_e, hangedman_decor_clover_reticule
D:3:      layout_basic, uniq_pargi

Skill      XL: |  1  2  3  4 |
---------------+-------------+-----
Maces & Flails | 1 |  1.3
Stealth        | 2 |  2.0
Conjurations   | 5 |  5.1
Fighting       | |  0.5
Dodging        | |  1.8
Spellcasting   | |  2.9

Action                   |  1- 3 |  4- 6 || total
-------------------------+-------+-------++-------
Melee: Mace              |    25 |       ||    25
       Tailslap          |     2 |       ||     2
       Punch             |     1 |       ||     1
 Cast: Magic Dart        |    92 |     7 ||    99
       Searing Ray       |       |     3 ||     3
  Use: Potion            |       |     1 ||     1
Armor: Skin              |     7 |       ||     7
Dodge: Dodged            |    14 |       ||    14
